Description

TvT

Replay - TvT

Build Order

Get SALT Encoding   

  12  0:01  SCV  
  13  0:13  SCV  
  14  0:17  Supply Depot  
  14  0:25  SCV  
  15  0:28  Refinery  
  15  0:39  SCV  
  16  0:45  Barracks  
  16  0:51  SCV  
  17  1:03  SCV  
  18  1:15  SCV  
  19  1:33  Orbital Command  
  19  1:34  Reaper  
  20  1:47  Command Center  
  20  1:59  SCV  
  21  2:03  Factory  
  21  2:08  Barracks Reactor  
  21  2:16  Refinery  
  21  2:18  Supply Depot  
  21  2:22  SCV  
  22  2:34  SCV  
  23  2:50  Starport  
  24  2:54  Hellion x2  
  28  2:58  Barracks Tech Lab  
  29  3:07  Orbital Command  
  29  3:17  Hellion x2  
  35  3:38  Raven  
  37  3:46  Supply Depot  
  38  3:51  Hellion x2  
  44  4:06  Supply Depot  
  46  4:19  Hellion x2  
  46  4:21  Raven  
  54  4:36  Supply Depot  
  56  4:42  Hellion x2  
  64  5:13  Command Center  
  66  5:19  Refinery x2  
  66  5:20  Siege Tank  
  69  5:22  Viking x2  
  77  5:47  Barracks Reactor  
  79  5:51  Factory  
  79  5:54  Viking x2  
  83  5:59  Siege Tank  
  90  6:19  Engineering Bay  
  90  6:20  Factory  
  92  6:38  Viking x2  
  92  6:39  Siege Tank  
  99  6:44  Barracks Tech Lab  
  107  6:57  Orbital Command  
  109  7:11  Siege Tank  
  116  7:16  Viking  
  116  7:20  Refinery x2, Sensor Tower  
  118  7:26  Viking  
  122  7:32  Siege Tank  
  131  7:46  Factory x2  
  133  8:13  Command Center  
  133  8:15  Siege Tank x2  
  143  8:21  Viking x2  
  143  8:22  Infernal Pre-Igniter  
  147  8:37  Factory Reactor  
  147  8:38  Factory Tech Lab  
  149  8:44  Armory x2  
  145  8:54  Siege Tank x2  
  151  9:09  Siege Tank  
  162  9:27  Sensor Tower  
  176  9:52  Refinery x2, Smart Servos, Missile Turret x2  
Spawning Tool Build Advisor. Get it on Overwolf

Go to:

Details

  • Created by: Terradin
  • Published on: May 10, 2019
  • Modified on: May 10, 2019
  • Patch: 4.7.1
Show
View Real Time Build Order
Export as new Build Order

Comments (0)

There are no comments. Be the first!

Create an account to comment!